 Dungeon Sprint DCSS version 0.21-a0-404-g291f19a (webtiles) character file.

622 Sumakker the Carver (level 7, -4/50 HPs)
             Began as a Demonspawn Gladiator on Oct 27, 2017.
             Was the Champion of Jiyva.
             Shot with an arrow by a centaur warrior (12 damage)
             ... in the Dungeon (Sprint IX: "|||||||||||||||||||||||||||||").
             The game lasted 00:04:20 (571 turns).

Sumakker the Carver (Demonspawn Gladiator)           Turns: 571, Time: 00:04:21

Health: -4/50      AC:  4    Str: 15    XL:     7   Next: 22%
Magic:  6/6        EV: 16    Int:  7    God:    Jiyva [******]
Gold:   0          SH:  0    Dex: 22    Spells: 6/6 levels left

rFire    . . .     SeeInvis .   o - +2 scimitar "Geuw" {protect, Dex+3}
rCold    + . .     Gourm    .   (no shield)
rNeg     . . .     Faith    .   b - +0 leather armour
rPois    +         Spirit   .   p - +0 helmet
rElec    .         Reflect  .   (no cloak)
rCorr    +         Harm     .   c - +0 pair of gloves
MR       +....     NoTele   +   (no boots)
Stlth    ++........             (no amulet)
HPRegen  0.16/turn              q - +3 ring of dexterity
MPRegen  0.10/turn              r - +2 ring of evasion

@: no status effects
A: talons 2, cold resistance 1, dopey 1, low mp 1, magic resistance 1, poison
resistance, powered by pain 1, gelatinous body 1, pseudopods 1, jelly sensing
items, sturdy frame 1
a: Request Jelly, Slimify, Cure Bad Mutation, Renounce Religion


You were in the Dungeon.
You worshipped Jiyva.
Jiyva was exalted by your worship.
You were completely stuffed.

You visited 1 branch

Inventory:

Hand Weapons
 a - a +0 long sword
 o - the +2 scimitar "Geuw" (weapon) {protect, Dex+3}
   (You found it in the Dungeon)

   It protects the one who uses it against injury (+AC on strike).
   It affects your dexterity (+3).
Missiles
 d - 3 throwing nets (quivered)
Armour
 b - a +0 leather armour (worn)
 c - a +0 pair of gloves (worn)
 p - a +0 helmet (worn)
Jewellery
 q - a +3 ring of dexterity (left hand)
 r - a +2 ring of evasion (right hand)
Wands
 n - a wand of acid (7/15)
Scrolls
 k - 2 scrolls of blinking
 l - 3 scrolls of remove curse
 m - 2 scrolls of amnesia
Potions
 e - 5 potions of curing
 g - 3 potions of heal wounds
 h - a potion of haste
 i - 4 potions of magic
 j - a potion of invisibility
Comestibles
 f - a bread ration


   Skills:
 - Level 2.0 Fighting
 + Level 14.0 Long Blades
 - Level 1.7 Throwing
 - Level 2.6 Dodging


You had 6 spell levels left.
You didn't know any spells.

Dungeon Overview and Level Annotations

Branches:
Dungeon (1/1)

Altars:
Cheibriados
Dithmenos
Elyvilon
Fedhas
Gozag
Hepliaklqana
Kikubaaqudgha
Makhleb
Nemelex Xobeh
Okawaru
Qazlal
Ru
Sif Muna
Trog
Uskayaw
Vehumet
Wu Jian
Xom
Yredelemnul
Zin
The Shining One
Beogh
Jiyva
Lugonu


Innate Abilities, Weirdness & Mutations

You have razor-sharp toenails.
You sometimes gain a little power by taking damage.
Your movements are slightly less encumbered by armour. (ER -2)
Your flesh is cold resistant. (rC+)
You are dopey. (Int -2)
Your magical capacity is low. (-10% MP)
You are resistant to hostile enchantments. (MR+)
Your system is resistant to poisons. (rPois)
Your rubbery body absorbs attacks. (AC +1, EV +1)
Armour fits poorly on your pseudopods.
You have a small jelly attached to you that senses nearby items.


Message History

Your acid blob closely misses the centaur warrior.
The centaur warrior unwields an uncursed longbow.
The centaur warrior hits your acid blob.
The centaur warrior is burned by acid!
Your acid blob hits the centaur warrior!
The centaur warrior is splashed with acid.
The acid corrodes the centaur warrior!
The centaur warrior hits your acid blob!
The acid corrodes the centaur warrior!
The centaur warrior is burned by acid!
The centaur warrior hits your acid blob.
Your acid blob dies!
The centaur warrior shouts!
The centaur warrior wields an uncursed longbow.
The centaur warrior shoots an arrow.
The arrow hits you!!
* * * LOW HITPOINT WARNING * * *
You shudder from the blast and a jelly pops out!
You focus on the pain.
You feel your power returning.
You see here an arrow.
The centaur warrior shoots an arrow.
The arrow hits you!
You die...

∆∆∆∆
▓▓▓▓▓▓▓▓▓▓▓▓▓▓▓▓▓▓▓▓▓▓▓▓▓▓▓▓▓▓▓▓▓
c.'.l....5Zc((.(@J.'_____________
▓▓▓▓▓▓▓▓▓▓▓▓▓▓▓▓▓▓▓▓▓▓▓▓▓▓▓▓▓▓▓▓▓


You could see a centaur warrior, a crimson imp, a leopard gecko skeleton and a
friendly acid blob.

Vanquished Creatures
  A shadow imp (D)
  A bat (D)
  A giant cockroach (D)
  2 hobgoblins (D)
  A jackal (D)
  2 frilled lizards (D)
  A giant cockroach zombie (D)
  A leopard gecko zombie (D)
10 creatures vanquished.

Vanquished Creatures (collateral kills)
  A two-headed ogre (D)
  A wyvern (D)
  A hippogriff (D)
  A worker ant (D)
4 creatures vanquished.

Vanquished Creatures (others)
  2 slime creatures (D)
  A necrophage (D)
  2 jellies (D)
  A worker ant (D)
  A bat skeleton (D)
7 creatures vanquished.

Grand Total: 21 creatures vanquished

Notes
Turn   | Place    | Note
-------+----------+-------------------------------------------
     0 | D        | Sumakker the Demonspawn Gladiator began the quest for the Orb.
     0 | D        | Reached XP level 1. HP: 16/16 MP: 1/1
     5 | D        | Reached skill level 3 in Long Blades
    10 | D        | Reached skill level 4 in Long Blades
    64 | D        | Reached skill level 5 in Long Blades
    64 | D        | Gained mutation: Your movements are slightly less encumbered by armour. (ER -2) [demonic ancestry]
    64 | D        | Reached XP level 2. HP: 15/22 MP: 2/2
    75 | D        | Found a roughly hewn altar of Beogh.
    75 | D        | Found a snail-covered altar of Cheibriados.
    75 | D        | Found a shadowy altar of Dithmenos.
    75 | D        | Found a white marble altar of Elyvilon.
    75 | D        | Found a blossoming altar of Fedhas.
    75 | D        | Found an opulent altar of Gozag.
    76 | D        | Found a hazy altar of Hepliaklqana.
    77 | D        | Found a viscous altar of Jiyva.
    78 | D        | Found an ancient bone altar of Kikubaaqudgha.
    79 | D        | Found a corrupted altar of Lugonu.
    80 | D        | Found a burning altar of Makhleb.
    81 | D        | Found a sparkling altar of Nemelex Xobeh.
    82 | D        | Found an iron altar of Okawaru.
    83 | D        | Found a stormy altar of Qazlal.
    84 | D        | Found a sacrificial altar of Ru.
    85 | D        | Became a worshipper of Jiyva Josmaoxt the Shapeless
    98 | D        | Found a deep blue altar of Sif Muna.
   117 | D        | Reached * piety under Jiyva
   117 | D        | Reached ** piety under Jiyva
   271 | D        | Reached *** piety under Jiyva
   271 | D        | Gained mutation: You have supernaturally acute eyesight. (SInv) [Jiyva's grace]
   277 | D        | Reached **** piety under Jiyva
   277 | D        | Gained mutation: You have large cloven feet. [Jiyva's grace]
   283 | D        | Reached ***** piety under Jiyva
   283 | D        | Lost mutation: You have large cloven feet. [Jiyva's grace]
   284 | D        | Gained mutation: You have a small jelly attached to you that may absorb incoming projectiles. [Jiyva's grace]
   284 | D        | Lost mutation: You have supernaturally acute eyesight. (SInv) [Jiyva's grace]
   288 | D        | Reached ****** piety under Jiyva
   288 | D        | Gained mutation: You have a pair of small horns on your head. [Jiyva's grace]
   291 | D        | Lost mutation: You have a pair of small horns on your head. [Jiyva's grace]
   295 | D        | Gained mutation: You are covered in slimy tendrils that may disarm your opponents. [Jiyva's grace]
   295 | D        | Lost mutation: You are covered in slimy tendrils that may disarm your opponents. [Jiyva's grace]
   296 | D        | Gained mutation: Your spells are a little harder to cast, but a little more powerful. [Jiyva's grace]
   297 | D        | Lost mutation: You have a small jelly attached to you that may absorb incoming projectiles. [Jiyva's grace]
   300 | D        | Gained mutation: Your mind is acute. (Int +2) [Jiyva's grace]
   306 | D        | Gained mutation: Your natural rate of healing is unusually fast. [Jiyva's grace]
   310 | D        | Gained mutation: Armour fits poorly on your pseudopods. [Jiyva's grace]
   311 | D        | Gained mutation: Armour fits poorly on your large pseudopods. [Jiyva's grace]
   317 | D        | Lost mutation: Your mind is acute. (Int +2) [Jiyva's grace]
   320 | D        | Gained mutation: Your muscles are strong. (Str +2) [Jiyva's grace]
   321 | D        | Lost mutation: Your spells are a little harder to cast, but a little more powerful. [Jiyva's grace]
   329 | D        | Lost mutation: Armour fits poorly on your large pseudopods. [Jiyva's grace]
   329 | D        | Lost mutation: Your muscles are strong. (Str +2) [Jiyva's grace]
   331 | D        | Gained mutation: Your magical capacity is low. (-10% MP) [Jiyva's grace]
   334 | D        | Gained mutation: You are agile. (Dex +2) [Jiyva's grace]
   357 | D        | Found a bloodstained altar of Trog.
   358 | D        | Found a hide-covered altar of Uskayaw.
   359 | D        | Found a radiant altar of Vehumet.
   360 | D        | Found an ornate altar of the Wu Jian Council.
   361 | D        | Found a shimmering altar of Xom.
   362 | D        | Found a basalt altar of Yredelemnul.
   363 | D        | Found a glowing silver altar of Zin.
   364 | D        | Found a glowing golden altar of the Shining One.
   381 | D        | Got the +2 scimitar "Geuw" {protect, Dex+3}
   469 | D        | Gained mutation: You expend magic power (3 MP) to strengthen your wands. [Jiyva's grace]
   472 | D        | Lost mutation: You are agile. (Dex +2) [Jiyva's grace]
   472 | D        | Gained mutation: You have a small jelly attached to you that may absorb incoming projectiles. [Jiyva's grace]
   472 | D        | Gained mutation: You are resistant to electric shocks. (rElec) [Jiyva's grace]
   474 | D        | Gained mutation: You have large cloven feet. [Jiyva's grace]
   476 | D        | Gained mutation: You are resistant to hostile enchantments. (MR+) [Jiyva's grace]
   480 | D        | Gained mutation: Armour fits poorly on your large pseudopods. [Jiyva's grace]
   484 | D        | Gained mutation: You evolve. [Jiyva's grace]
   489 | D        | Gained mutation: Armour fits poorly on your massive pseudopods. [Jiyva's grace]
   489 | D        | Gained mutation: Your mind is acute. (Int +2) [Jiyva's grace]
   490 | D        | Lost mutation: Your natural rate of healing is unusually fast. [Jiyva's grace]
   492 | D        | Gained mutation: Your rubbery body absorbs attacks. (AC +1, EV +1) [Jiyva's grace]
   493 | D        | Lost mutation: You have large cloven feet. [Jiyva's grace]
   493 | D        | Gained mutation: You have a small jelly attached to you that senses nearby items. [Jiyva's grace]
   494 | D        | Lost mutation: You evolve. [Jiyva's grace]
   494 | D        | Lost mutation: You expend magic power (3 MP) to strengthen your wands. [Jiyva's grace]
   494 | D        | Lost mutation: Armour fits poorly on your massive pseudopods. [Jiyva's grace]
   495 | D        | Lost mutation: Your mind is acute. (Int +2) [Jiyva's grace]
   495 | D        | Gained mutation: Your system is resistant to poisons. (rPois) [Jiyva's grace]
   500 | D        | Gained mutation: You are dopey. (Int -2) [Jiyva's grace]
   507 | D        | Noticed a necrophage
   507 | D        | Noticed a two-headed ogre
   507 | D        | Noticed a hippogriff
   511 | D        | Killed a hippogriff
   511 | D        | Reached skill level 9 in Long Blades
   511 | D        | Reached XP level 3. HP: 18/27 MP: 2/2
   511 | D        | Reached XP level 4. HP: 22/33 MP: 3/3
   513 | D        | Killed a two-headed ogre
   513 | D        | Reached skill level 13 in Long Blades
   513 | D        | Gained mutation: You have sharp toenails. [demonic ancestry]
   513 | D        | Reached XP level 5. HP: 25/38 MP: 4/4
   513 | D        | Gained mutation: You have razor-sharp toenails. [demonic ancestry]
   513 | D        | Reached XP level 6. HP: 29/44 MP: 5/5
   519 | D        | Gained mutation: You sometimes gain a little power by taking damage. [demonic ancestry]
   519 | D        | Reached XP level 7. HP: 34/50 MP: 6/6
   526 | D        | Lost mutation: Armour fits poorly on your large pseudopods. [Jiyva's grace]
   528 | D        | Lost mutation: You are resistant to electric shocks. (rElec) [Jiyva's grace]
   530 | D        | Lost mutation: You have a small jelly attached to you that may absorb incoming projectiles. [Jiyva's grace]
   531 | D        | Noticed a centaur warrior
   531 | D        | Noticed a wyvern
   531 | D        | Noticed a two-headed ogre
   533 | D        | Noticed a slime creature
   533 | D        | a soldier ant changed into a slime creature
   539 | D        | Killed a slime creature
   557 | D        | Slimified a two-headed ogre
   557 | D        | Noticed a slime creature
   557 | D        | a two-headed ogre changed into a slime creature
   558 | D        | Gained mutation: Your flesh is cold resistant. (rC+) [Jiyva's grace]
   562 | D        | Killed a slime creature
   565 | D        | Killed a wyvern
   565 | D        | Reached skill level 14 in Long Blades
   571 | D        | Shot with an arrow by a centaur warrior

Vault maps used:
D:        linesprint

Skill      XL: |  1  2  3  4  5  6  7 |
---------------+----------------------+-----
Long Blades    | 5 9 13 14 | 14.0
Fighting       | |  2.0
Throwing       | |  1.7
Dodging        | |  2.6

Action                   |  1- 3 |  4- 6 |  7- 9 || total
-------------------------+-------+-------+-------++-------
Melee: Long sword        |    16 |       |       ||    16
       Scimitar          |     1 |       |     3 ||     4
       Pseudopods        |     1 |       |       ||     1
       Kick              |       |       |     2 ||     2
Invok: Slimify           |       |       |     2 ||     2
  Use: Potion            |     1 |       |       ||     1
Armor: Leather armour    |     5 |       |       ||     5
Dodge: Dodged            |    11 |       |     1 ||    12
       Rpst.: Long sword |     1 |       |       ||     1
       Scimitar          |     1 |       |     1 ||     2

Table legend:
 A = Spawn XP
 B = Non-spawn XP
 C = Spawn XP percentage of total XP
 D = Spawn monster count
 E = Non-spawn monster count
 F = Spawn count percentage of total count
 G = Total turns spent on level
                    A         B        C        D         E        F      G
               +---------+---------+-------+---------+---------+-------+---------
         Total |       0 |     889 |   0.0 |       0 |      17 |   0.0 |   571
               +---------+---------+-------+---------+---------+-------+---------
             D |       0 |     889 |   0.0 |       0 |      17 |   0.0 |   571
               +---------+---------+-------+---------+---------+-------+---------
